 Dungeon Crawl Stone Soup version 0.30.1-11-g7821555f0a (webtiles) character file.

Game seed: 5573831451208183005

1919 monsoonserge the Cudgeller (level 9, 0/48 (52) HPs)
             Began as a Tengu Reaver on Jan 11, 2024.
             Was a Follower of Okawaru.
             Slain by a wight
             ... wielding a +3 great sword of freezing
              (8 damage)
             ... on level 6 of the Dungeon.
             The game lasted 00:14:57 (5387 turns).

monsoonserge the Cudgeller (Tengu Reaver)           Turns: 5387, Time: 00:14:58

HP:   0/48 (52)     AC: 11    Str: 15    XL:     9   Next: 16%
MP:   13/13         EV: 19    Int: 16    God:    Okawaru [*.....]
Gold: 426           SH:  0    Dex: 12    Spells: 11/12 levels left

rFire   . . .        s - +1 mace (venom)
rCold   . . .        (no shield)
rNeg    . . .        k - +0 ring mail
rPois   .            (helmet restricted)
rElec   .            (no cloak)
rCorr   .            g - +0 pair of gloves
SInv    .            (boots unavailable)
Will    .....        I - amulet of regeneration
Stlth   +            f - +5 ring of evasion
HPRegen 1.08/turn    G - +4 ring of protection
MPRegen 0.13/turn

%: no passive effects
@: flying quickly and evasively, drained, quick
A: beak, talons 3, nimble flight
a: Renounce Religion, Heroism


You were on level 6 of the Dungeon.
You worshipped Okawaru.
Okawaru was aware of your devotion.
You visited 2 branches of the dungeon, and saw 7 of its levels.

You collected 426 gold pieces.

Inventory:

Hand Weapons
 a - a +0 mace
 h - a +3 falchion
 i - a +0 war axe
 l - a +2 dagger of freezing
 s - a +1 mace of venom (weapon)
Missiles
 q - a boomerang
 u - 5 curare-tipped darts
 w - 5 javelins (quivered)
 x - 11 poisoned darts
 y - a throwing net
Armour
 b - a +0 leather armour
 g - a +0 pair of gloves (worn)
 k - a +0 ring mail (worn)
Magical Staves
 d - a staff of cold
 t - a staff of air
Jewellery
 f - a +5 ring of evasion (left hand)
 G - a +4 ring of protection (right hand)
 I - an amulet of regeneration (around neck)
Wands
 B - a wand of flame (64)
 J - a wand of polymorph (8)
Scrolls
 c - 2 scrolls of poison
 e - a scroll of vulnerability {unknown}
 j - a scroll of blinking {unknown}
 o - a scroll of brand weapon {unknown}
 v - 2 scrolls of fear {unknown}
 A - a scroll of teleportation {unknown}
 D - a scroll of identify {unknown}
 E - a scroll of fog {unknown}
Potions
 m - a potion of brilliance {unknown}
 n - a potion of degeneration {unknown}
 p - 2 potions of lignification {unknown}
 r - 2 potions of attraction {unknown}
 z - a potion of flight {unknown}
 C - 3 potions of haste {unknown}
 F - a potion of magic {unknown}
 H - a potion of heal wounds


   Skills:
 + Level 4.7 Fighting
 + Level 2.5(5.5) Axes
 + Level 7.7(8.0) Maces & Flails
 + Level 2.0 Throwing
 + Level 7.0 Armour
 + Level 4.7 Dodging
 - Level 2.0 Spellcasting
 + Level 4.6 Conjurations
 * Level 0.4 Invocations


You had 11 spell levels left.
You knew the following spells:

 Your Spells              Type           Power      Damage    Failure   Level
a - Kiss of Death         Conj/Necr      36%        2d8       14%         1

Your spell library contained the following spells:

 Spells                   Type           Power      Damage    Failure   Level
 Magic Dart               Conj           64%        1d6       5%          1
 Searing Ray              Conj           32%        2d5       9%          2
 Momentum Strike          Conj/Tloc      18%        3d8       22%         2
 Dazzling Flash           Conj/Hex       18%        N/A       41%         3
 Hailstorm                Conj/Ice       9%         3d4       41%         3
 Confusing Touch          Hex            1%         N/A       73%         3
 Fulminant Prism          Conj/Hex       4%         3d5       82%         4
 Dispel Undead            Necr           1%         3d6       98%         4
 Agony                    Necr           1%         N/A       100%        5
 Silence                  Hex/Air        0%         N/A       100%        5


Dungeon Overview and Level Annotations

Branches:
Dungeon (6/15)             Temple (1/1) D:4

Altars:
Ashenzari
Cheibriados
Dithmenos
Elyvilon
Fedhas
Gozag
Hepliaklqana
Kikubaaqudgha
Makhleb
Nemelex Xobeh
Okawaru
Qazlal
Ru
Sif Muna
Trog
Uskayaw
Vehumet
Wu Jian
Xom
Yredelemnul
Zin
The Shining One


Innate Abilities, Weirdness & Mutations

You have a beak for a mouth.
You have claws for feet.
Your magical nature lets you fly swiftly and evasively.


Message History

The wight hits you from afar with a +0 spear.
The wight misses you.
You closely miss the wight. You peck the wight, but do no damage.
The wight is moderately damaged.
You feel like a meek peon again.
You barely miss the wight. Your kick misses the wight.
You punch the wight, but do no damage.
The wight is moderately damaged.
The wight hits you but does no damage.
The wight hits you with a +3 great sword of freezing!
You feel drained. The wight freezes you.
You hit the wight.
The wight is heavily damaged.
The wight hits you but does no damage. The wight barely misses you.
You hit the wight but do no damage. Your kick misses the wight.
You peck the wight.
The wight is severely damaged.
The wight barely misses you.
The wight hits you with a +3 great sword of freezing!
* * * LOW HITPOINT WARNING * * *
You feel drained.
* * * LOW HITPOINT WARNING * * *
The wight freezes you.
* * * LOW HITPOINT WARNING * * *
Okay, then.
Throw: 7 javelins
Press: ? - help, Q - select action, (/) - cycle Shift-Dir - straight line, f - wight
Aim: a wight, wielding a +0 spear and wearing a +0 robe (60% to hit)
You throw a javelin. The javelin closely misses the wight.
The javelin pierces through the wight.
The wight is lightly damaged.
The wight misses you. The wight hits you but does no damage.
The wight misses you. The wight completely misses you.
Throw: 6 javelins
Press: ? - help, Q - select action, (/) - cycle Shift-Dir - straight line, f/p - wight
Aim: a wight, wielding a +0 spear and wearing a +0 robe (60% to hit)
You throw a javelin.
The javelin closely misses the wight. x2
The wight completely misses you.
The wight hits you with a +3 great sword of freezing!
You die...

.# ... .... ## ...##..##... ...
..#.(......#.... #
..........#.... #................
♣##..##..^.........
..#..#.....).......
P..........@)...... # .
...........zz....... ##. .#
##................# .....
#.................## ..#.
##..........>...(..##...#.
####### #........................
......###.................##.###.
#[...##.................##....<.
#.....#.................##..#.##


You could see 2 wights.

Vanquished Creatures
  Pikel (Temple)
  An ice beast (D:6)
  2 black bears
  3 ogres
  A lemure (Temple)
  A phantom (D:4)
  A bullfrog (D:6)
  A scorpion (D:5)
  2 wights (D:6)
  A howler monkey (D:6)
  3 hounds (D:5)
  A jelly (D:6)
  A gnoll bouda (D:4)
  4 iguanas
  Natasha (thrice) (D:4)
  2 orc wizards
  Robin (D:3)
  4 gnolls (D:4)
  6 adders
  A white imp (D:5)
  2 ufetubi
  5 worms
  A dart slug (D:3)
  11 orcs
  10 bats
  5 endoplasms
  4 giant cockroaches
  19 goblins
  13 hobgoblins
  6 jackals
  10 kobolds
  A quokka (D:1)
  4 ball pythons
  4 frilled lizards
  2 rats
137 creatures vanquished.

Notes
Turn   | Place    | Note
-------+----------+-------------------------------------------
     0 | D:1      | monsoonserge the Tengu Reaver began the quest for the Orb.
     0 | D:1      | Reached XP level 1. HP: 12/12 MP: 4/4
   148 | D:1      | Reached XP level 2. HP: 17/17 MP: 6/6
   454 | D:1      | Reached XP level 3. HP: 21/21 MP: 7/7
   922 | D:2      | Reached XP level 4. HP: 26/26 MP: 8/8
  1095 | D:2      | Reached skill level 1 in Armour
  1424 | D:2      | Reached skill level 1 in Axes
  1522 | D:3      | Gained mutation: Your magical nature lets you fly swiftly
                  | and evasively. [Tengu growth]
  1522 | D:3      | Reached XP level 5. HP: 16/31 MP: 9/9
  1969 | D:3      | Found a sparkling altar of Nemelex Xobeh.
  2477 | D:3      | Noticed Robin
  2493 | D:3      | HP: 1/31 [Robin/+1 mace of venom (6)]
  2496 | D:3      | Killed Robin
  2760 | D:4      | Noticed a lemure
  2762 | D:4      | Reached XP level 6. HP: 36/36 MP: 10/10
  2888 | D:4      | Noticed Natasha
  2895 | D:4      | Killed Natasha
  3194 | D:4      | Found a staircase to the Ecumenical Temple.
  3202 | D:4      | Noticed Natasha
  3209 | D:4      | Killed Natasha
  3212 | Temple   | Entered the Ecumenical Temple
  3515 | Temple   | Became a worshipper of Ru the Awakened
  3534 | D:4      | Noticed Natasha
  3541 | D:4      | Killed Natasha
  3698 | D:4      | Noticed Pikel
  3732 | D:5      | Entered Level 5 of the Dungeon
  3756 | D:5      | Reached XP level 7. HP: 31/41 MP: 11/11
  3982 | D:5      | Reached skill level 5 in Maces & Flails
  4410 | D:4      | Identified the +0 pair of boots "Loogh" {Will+ SInv}
  4440 | D:5      | Reached skill level 5 in Armour
  4576 | D:6      | Reached XP level 8. HP: 35/48 MP: 12/12
  4764 | Temple   | Fell from the grace of Ru
  4764 | Temple   | Became a worshipper of Warmaster Okawaru
  4797 | Temple   | Killed Pikel
  4797 | Temple   | Reached * piety under Okawaru
  4798 | Temple   | Reached skill level 1 in Throwing
  5125 | D:6      | Reached XP level 9. HP: 45/52 MP: 13/13
  5387 | D:6      | Slain by a wight

Illustrated notes

Levels and vault maps discovered:
D:1:      elethiomel_arrival_quiet, layout_loops_ring, minmay_close_crescents
D:2:      cheibrodos_helix_gallery, layout_basic, minivault_11
D:3:      kennysheep_goblin_castle, layout_basic, nemelex_diamond_rough_becter
D:4:      layout_loops_ring, minmay_temple_entry_mini_moons, uniq_pikel,
          uniq_natasha
D:5:      layout_loops_ring
D:6:      layout_cave_pools, dreamdust_princess_corridor,
          chequers_serial_rivers_micro_b, chequers_serial_rivers_micro_a,
          uniq_crazy_yiuf_cottage
Temple:   roderic_octagonal_lattice_temple

Skill      XL: |  1  2  3  4  5  6  7  8  9 |
---------------+----------------------------+-----
Maces & Flails | 4 6 7 |  7.7
Armour         | 2 3 4 5 6 7 |  7.0
Axes           | 1 2 |  2.5
Dodging        | 3 4 |  4.7
Fighting       | 3 4 |  4.7
Throwing       | 1 2 |  2.0
Spellcasting   | |  2.0
Conjurations   | |  4.6
Invocations    | |  0.4

Action                     |  1- 3 |  4- 6 |  7- 9 || total
---------------------------+-------+-------+-------++-------
  Melee: Mace              |    78 |    54 |   130 ||   262
         Kick              |    15 |    48 |    40 ||   103
         Peck              |     6 |    26 |    22 ||    54
         War axe           |     5 |   143 |       ||   148
         Punch             |       |     1 |     3 ||     4
  Throw: Boomerang         |       |     3 |    13 ||    16
         Javelin           |       |       |     2 ||     2
 Invoke: Heroism           |       |       |     1 ||     1
    Use: Potion            |       |     4 |       ||     4
         Scroll            |       |     1 |       ||     1
   Stab: Sleeping          |     1 |       |       ||     1
 Armour: Leather armour    |    20 |       |       ||    20
         Ring mail         |       |    67 |    38 ||   105
  Dodge: Dodged            |    67 |   203 |   106 ||   376
